 Dungeon Crawl Stone Soup version 0.25-b1-23-ge2ad7d536c (webtiles) character file.

Game seed: 17956295531967834795, levelgen mode: deterministic

172 Esekla the Magician (level 5, 0/33 HPs)
             Began as an Octopode Wizard on June 3, 2020.
             Slain by an orc (2 damage)
             ... on level 4 of the Dungeon.
             The game lasted 00:16:39 (3148 turns).

Esekla the Magician (Octopode Wizard)               Turns: 3148, Time: 00:16:40

Health: 0/33       AC:  1    Str:  7    XL:     5   Next: 52%
Magic:  11/11      EV: 13    Int: 21    God:
Gold:   57         SH:  0    Dex: 10    Spells: 3/12 levels left

rFire    . . .     SeeInvis .   i - +0 short sword
rCold    . . .     Gourm    .   (no shield)
rNeg     . . .     Faith    .   a - +0 hat
rPois    .         Spirit   .   (no amulet)
rElec    .         Reflect  .   f - ring of protection from magic
rCorr    .         Harm     .   (no ring)
MR       +....                  (no ring)
Stlth    +++.......             (no ring)
HPRegen  0.11/turn              (no ring)
MPRegen  0.12/turn              (no ring)
                                (no ring)
                                (no ring)

@: starving
A: almost no armour, stealthy swim, amphibious, 8 rings, constrict 8, camouflage
1, gelatinous body 1
a: no special abilities


You were on level 4 of the Dungeon.
You were starving.

You visited 1 branch of the dungeon, and saw 4 of its levels.

You collected 57 gold pieces.

Inventory:

Hand Weapons
 i - a +0 short sword (weapon)
 m - a +0 spear
Missiles
 p - 7 poisoned darts (quivered)
Armour
 a - a +0 hat (worn)
Jewellery
 f - a ring of protection from magic (left tentacle)
Scrolls
 d - 2 scrolls of remove curse {unknown}
 g - a scroll of identify
 h - 3 scrolls of teleportation {unknown}
 j - a scroll of fear {unknown}
 k - a scroll of magic mapping {unknown}
 o - a scroll of fog {unknown}
 r - a scroll of blinking {unknown}
Potions
 b - a potion of invisibility
 e - a potion of cancellation
 l - 3 potions of curing
 n - a potion of haste
Comestibles
 c - 6 rations


   Skills:
 * Level 1.5 Fighting
 + Level 1.3 Short Blades
 + Level 2.3 Dodging
 - Level 2.6 Stealth
 + Level 4.2 Spellcasting
 + Level 1.4 Conjurations
   Level 1.0 Summonings
 * Level 1.8 Translocations
 * Level 1.0 Air Magic
 * Level 1.3 Poison Magic


You had 3 spell levels left.
You knew the following spells:

 Your Spells              Type           Power        Failure   Level  Hunger
a - Magic Dart            Conj           ##..         7%          1    None
b - Blink                 Tloc           N/A          9%          2    #......
c - Mephitic Cloud        Conj/Pois/Air  #.......     22%         3    ###....
f - Conjure Flame         Conj/Fire      #.......     26%         3    ###....

Your spell library contained the following spells:

 Spells                   Type           Power        Failure   Level  Hunger
 Call Imp                 Summ           #.......     12%         2    #......
 Slow                     Hex            #.......     19%         2    #......


Dungeon Overview and Level Annotations

Branches:
Dungeon (4/15)
 Temple: D:4-7

Altars:
The Shining One


Innate Abilities, Weirdness & Mutations

You cannot wear most types of armour.
You are very stealthy in the water. (Stealth+)
You are amphibious.
You can wear up to eight rings at the same time.
You can use your tentacles to constrict eight enemies at once.
Your skin changes colour to match your surroundings (Stealth+).
Your rubbery body absorbs attacks. (AC +1, EV +1)


Message History

You constrict the orc, but do no damage.
The orc misses you.
You hit the orc but do no damage.
The orc is heavily wounded.
You constrict the orc, but do no damage.
The orc hits you.
* * * LOW HITPOINT WARNING * * *
You hit the orc but do no damage.
The orc is heavily wounded.
You constrict the orc, but do no damage.
The orc barely misses you.
You hit the orc but do no damage. You squeeze the orc, but do no damage.
The orc is heavily wounded.
You constrict the orc. The orc hits you.
* * * LOW HITPOINT WARNING * * *
You hit the orc but do no damage.
The orc is severely wounded.
You constrict the orc, but do no damage.
The orc hits you.
You die...

### ..#
#.# #.#
#.# #.#
#.# #@#
#o# #.###
#(..#
###.#
#........#
#.#.######
#.#o# #
#o#


You could see an orc.

Vanquished Creatures
  An orc wizard (D:3)
  3 gnolls (D:3)
  5 adders
  An ooze (D:3)
  3 leopard geckos
  2 orcs (D:3)
  6 bats
  5 giant cockroaches
  10 goblins
  10 hobgoblins
  2 ball pythons
  2 frilled lizards
  6 kobolds
  9 rats
65 creatures vanquished.

Notes
Turn   | Place    | Note
-------+----------+-------------------------------------------
     0 | D:1      | Esekla the Octopode Wizard began the quest for the Orb.
     0 | D:1      | Reached XP level 1. HP: 11/11 MP: 4/4
   171 | D:1      | Reached XP level 2. HP: 17/17 MP: 4/6
   514 | D:1      | Reached XP level 3. HP: 22/22 MP: 8/8
   532 | D:1      | Reached skill level 1 in Fighting
   706 | D:1      | Found a glowing golden altar of the Shining One.
  1355 | D:2      | Learned a level 2 spell: Blink
  1359 | D:2      | Learned a level 3 spell: Mephitic Cloud
  1363 | D:2      | Learned a level 3 spell: Conjure Flame
  1379 | D:2      | Reached skill level 4 in Spellcasting
  1596 | D:2      | Reached XP level 4. HP: 19/28 MP: 5/10
  2224 | D:3      | Reached skill level 1 in Short Blades
  2372 | D:3      | Reached skill level 1 in Poison Magic
  2372 | D:3      | Reached XP level 5. HP: 11/33 MP: 3/11
  3006 | D:3      | Reached skill level 1 in Air Magic
  3148 | D:4      | Slain by an orc

Illustrated notes

Levels and vault maps discovered:
D:1:      dpeg_arrival_line_fractal, layout_basic, tso_altar
D:2:      layout_rooms, first_ration
D:3:      layout_basic
D:4:      layout_loops_ring, serial_shops, nicolae_shop_trees,
          minmay_curled_crystal, uniq_crazy_yiuf_cottage

Skill      XL: |  1  2  3  4  5 |
---------------+----------------+-----
Fighting       | 1 |  1.5
Spellcasting   | 4 |  4.2
Short Blades   | 1 |  1.3
Poison Magic   | 1 |  1.3
Air Magic      | 1 |  1.0
Dodging        | |  2.3
Stealth        | |  2.6
Conjurations   | |  1.4
Summonings     | |  1.0
Translocations | |  1.8

Action                   |  1- 3 |  4- 6 || total
-------------------------+-------+-------++-------
Melee: Dagger            |    28 |       ||    28
       Constrict         |    19 |    14 ||    33
       Short sword       |    41 |    62 ||   103
       Tentacles         |     6 |     6 ||    12
Throw: Dart              |       |    13 ||    13
 Cast: Magic Dart        |    27 |    39 ||    66
       Mephitic Cloud    |       |     3 ||     3
  Use: Scroll            |       |     5 ||     5
 Stab: Sleeping          |     6 |     3 ||     9
       Confused          |       |     1 ||     1
  Eat: Chunk             |     2 |     3 ||     5
Armor: Skin              |     6 |     3 ||     9
Dodge: Dodged            |    48 |    51 ||    99
